 Dungeon Crawl Stone Soup version 0.30.0-5-g1a98f26d00 (webtiles) character file.

Game seed: 2356805952197675872

533 zlionsfan the Chopper (level 7, -6/61 HPs)
             Began as a Meteoran Chaos Knight on May 10, 2023.
             Was a Plaything of Xom.
             Mangled by a gnoll
             ... wielding a +0 halberd
             ... led by a gnoll bouda
              (9 damage)
             ... on level 5 of the Dungeon.
             The game lasted 00:06:58 (2484 turns).

zlionsfan the Chopper (Meteoran Chaos Knight)       Turns: 2484, Time: 00:07:01

Health: -6/61      AC:  7    Str: 13 (15) XL:     7   Next: 79%
Magic:  8/8        EV: 12    Int: 11 (14) God:    Xom [..*...]
Gold:   161        SH:  0    Dex: 12 (14) Spells: 6/6 levels left

rFire   . . .        f - +0 hand axe (freeze)
rCold   . . .        (no shield)
rNeg    + . .        b - +2 leather armour
rPois   .            (no helmet)
rElec   .            (no cloak)
rCorr   .            k - +1 pair of gloves
SInv    .            (no boots)
Will    .....        (no amulet)
Stlth   +            d - ring of positive energy
HPRegen 0.30/turn    v - ring of flight
MPRegen 0.11/turn

%: no passive effects
@: weakened, attractive, flying, glowing
A: sense surroundings 1, otherworldly, glowing, explore regen
a: Renounce Religion


You were on level 5 of the Dungeon.
You worshipped Xom.
You were a toy of Xom.
You visited 1 branch of the dungeon, and saw 5 of its levels.

You collected 161 gold pieces.

Inventory:

Hand Weapons
 a - a +0 hand axe of chaos
 f - a +0 hand axe of freezing (weapon)
 n - a +2 bardiche of flaming
 u - a +0 war axe
Armour
 b - a +2 leather armour (worn)
 k - a +1 pair of gloves (worn)
Jewellery
 d - a ring of positive energy (left hand)
 v - a ring of flight (right hand)
Scrolls
 h - 2 scrolls of identify {unknown}
 j - a scroll of fog {unknown}
 r - a scroll of noise {unknown}
 s - 2 scrolls of torment {unknown}
 t - a scroll of poison {unknown}
Potions
 e - a potion of might {unknown}
 g - 2 potions of attraction
 i - a potion of degeneration
 m - a potion of cancellation {unknown}
 o - a potion of ambrosia {unknown}
 p - a potion of haste {unknown}
 w - a potion of lignification {unknown}
Miscellaneous
 c - a piece from Xom's chessboard (15/15) (quivered)


   Skills:
 * Level 5.5 Fighting
 * Level 7.1 Axes
 + Level 3.3 Armour
 + Level 2.2 Dodging
 * Level 2.4 Evocations


You had 6 spell levels left.
You didn't know any spells.
Your spell library was empty.

Dungeon Overview and Level Annotations

Branches:
Dungeon (5/15) Zot: 530
 Temple: D:4-7

Altars:
The Shining One

Shops:
D:3 =


Innate Abilities, Weirdness & Mutations

You passively map a small area around you.
You are easily found by Zot.
You glow in the dark.
You regain HP and MP as you explore.


Message History

The gnolls pick up the pace!
The gnoll hits you but does no damage.
You closely miss the gnoll.
The gnoll is severely wounded.
You hit the gnoll. You freeze the gnoll.
You hit the shadow imp but do no damage.
The shadow imp barely misses you. The gnoll barely misses you.
You hit the gnoll. You freeze the gnoll.
You kill the gnoll!
You hit the shadow imp but do no damage.
You hit the gnoll. You freeze the gnoll.
You hit the gnoll bouda but do no damage.
Your attacks no longer feel as feeble.
The gnoll hits you with a +0 whip.
* * * LOW HITPOINT WARNING * * *
The shadow imp closely misses you.
The gnoll hits you from afar with a +0 halberd!
* * * LOW HITPOINT WARNING * * *
You feel much better. The gnoll hits you with a +0 whip.
The gnoll hits you from afar with a +0 halberd.
The shadow imp barely misses you.
The gnoll bouda gazes fiercely through you!
You feel your attacks grow feeble.
The gnoll bouda hits you with a +0 club!
* * * LOW HITPOINT WARNING * * *
You hit the gnoll bouda but do no damage.
You hit the shadow imp. You hit the gnoll but do no damage.
The gnoll hits you with a +0 whip.
* * * LOW HITPOINT WARNING * * *
The shadow imp hits you but does no damage.
The gnoll barely misses you.
The gnoll bouda hits you with a +0 club.
* * * LOW HITPOINT WARNING * * *
It was a potion of degeneration.
There was something very wrong with that liquid.
You feel weakened.
You feel dopey.
You feel clumsy. The gnoll hits you but does no damage.
The gnoll hits you from afar with a +0 halberd!
You die...
Xom is highly amused!

##### ......#####
...........# ##
......?.....##.##
............#...*
...........#..#
.........5)..# ,,
.........g@.# * *
, .........g###
.........g.# *
,.......†...# ,
...........# *
...........# **
...........##
*............###
* .#......†..5..#
*


You could see a gnoll bouda, 2 gnolls and a shadow imp.

Vanquished Creatures
  2 scorpions
  6 hounds
  2 iguanas
  Robin (D:2)
  3 gnolls (D:5)
  6 adders
  2 shadow imps
  A worm (D:2)
  3 dart slugs
  2 orcs (D:3)
  4 ball pythons
  2 bats (D:1)
  4 endoplasms
  3 giant cockroaches
  13 goblins
  10 hobgoblins
  6 jackals (D:2)
  4 frilled lizards
  2 kobolds
  4 rats
80 creatures vanquished.

Notes
Turn   | Place    | Note
-------+----------+-------------------------------------------
     0 | D:1      | zlionsfan the Meteoran Chaos Knight began the quest for the
                  | Orb.
     0 | D:1      | Reached XP level 1. HP: 19/19 MP: 2/2
   228 | D:1      | Reached XP level 2. HP: 26/26 MP: 3/3
   326 | D:1      | Reached skill level 4 in Axes
   451 | D:1      | XOM: divination: magic mapping
   498 | D:1      | Glimpsed the power of Zot.
   598 | D:2      | Reached XP level 3. HP: 24/33 MP: 4/4
   651 | D:2      | Noticed Robin
   671 | D:2      | Killed Robin
   672 | D:2      | Reached XP level 4. HP: 19/40 MP: 5/5
   677 | D:2      | XOM: potion effect (might)
   743 | D:2      | Reached skill level 1 in Evocations
  1011 | D:3      | Noticed a scorpion
  1019 | D:3      | Killed a scorpion
  1020 | D:3      | Reached skill level 5 in Axes
  1020 | D:3      | Reached XP level 5. HP: 35/47 MP: 6/6
  1038 | D:3      | XOM: divination: detect creatures
  1046 | D:3      | Found Omeebigy's Jewellery Emporium.
  1048 | D:3      | XOM: silly message
  1407 | D:3      | XOM: silly message
  1606 | D:3      | XOM: divination: magic mapping
  1713 | D:4      | Reached XP level 6. HP: 53/53 MP: 7/7
  1763 | D:4      | XOM: potion effect (might)
  1765 | D:4      | Reached skill level 6 in Axes
  1836 | D:4      | Found a glowing golden altar of the Shining One.
  1921 | D:4      | XOM: divination: detect items
  2001 | D:4      | Reached skill level 5 in Fighting
  2188 | D:4      | XOM is BORED!
  2188 | D:4      | XOM: silly message
  2292 | D:4      | Glimpsed the power of Zot.
  2328 | D:5      | Entered Level 5 of the Dungeon
  2334 | D:5      | XOM: potion effect (haste)
  2339 | D:5      | Reached XP level 7. HP: 37/61 MP: 8/8
  2446 | D:5      | Reached skill level 7 in Axes
  2483 | D:5      | HP: 3/61 [gnoll bouda/+0 club (5)]
  2484 | D:5      | Mangled by a gnoll

Illustrated notes

Levels and vault maps discovered:
D:1:      mushboom_english_gardens, layout_basic
D:2:      minmay_door_path, layout_rooms, nicolae_ecumenical_pavilion,
          st_stairs_5, minivault_24, minmay_cut_off, uniq_robin
D:3:      layout_loops_ring, serial_shops, shop, grunt_decor_resistance
D:4:      layout_cave_pods, mainiacjoe_overflow_alcove_2,
          chequers_serial_rivers_micro_e
D:5:      layout_rooms, kennysheep_nondescript

Skill      XL: |  1  2  3  4  5  6  7 |
---------------+----------------------+-----
Axes           | 4 5 6 7 |  7.1
Fighting       | 4 5 |  5.5
Evocations     | 1 2 |  2.4
Armour         | 3 |  3.3
Dodging        | 2 |  2.2

Action                     |  1- 3 |  4- 6 |  7- 9 || total
---------------------------+-------+-------+-------++-------
  Melee: Hand axe          |    59 |   146 |    64 ||   269
         Punch             |     1 |     1 |     2 ||     4
  Evoke: Piece from Xom's  |       |     1 |     1 ||     2
    Use: Potion            |       |       |     5 ||     5
         Scroll            |       |       |     2 ||     2
 Armour: Leather armour    |    40 |    68 |    36 ||   144
  Dodge: Dodged            |    26 |    70 |    58 ||   154
